 Dungeon Crawl Stone Soup version 0.20.2-3-g29329e0561 (webtiles) character file.

177 Alfie the Skirmisher (level 5, -3/47 HPs)
             Began as a Hill Orc Fighter on Dec 7, 2023.
             Slain by Pikel
             ... wielding a +0 whip of electrocution
              (17 damage)
             ... on level 4 of the Dungeon.
             The game lasted 00:05:58 (2426 turns).

Alfie the Skirmisher (Hill Orc Fighter)             Turns: 2426, Time: 00:05:58

Health: -3/47      AC: 10    Str: 20    XL:     5   Next: 57%
Magic:  5/5        EV:  7    Int:  8    God:
Gold:   140        SH:  9    Dex: 10    Spells: 4/4 levels left

rFire    . . .     SeeInvis .   a - +0 rapier
rCold    . . .     Gourm    .   c - +0 shield
rNeg     . . .     Faith    .   b - +0 scale mail
rPois    .         Spirit   .   (no helmet)
rElec    .         Reflect  .   q - +0 cloak
rCorr    .         Harm     .   (no gloves)
MR       .....                  r - +1 pair of boots
Stlth    +.........             (no amulet)
Regen    0.2/turn               p - ring of stealth
MPRegen  0.1/turn               (no ring)

@: lethally poisoned (-3 -> -4)
A: no striking features
a: no special abilities


You were on level 4 of the Dungeon.
You were not hungry.

You visited 1 branch of the dungeon, and saw 4 of its levels.

You collected 140 gold pieces.

Inventory:

Hand Weapons
 a - a +0 rapier (weapon)
Armour
 b - a +0 scale mail (worn)
 c - a +0 shield (worn)
 q - a +0 cloak (worn)
 r - a +1 pair of boots (worn)
Jewellery
 h - an uncursed ring of wizardry
 o - an uncursed ring of magical power {unknown}
 p - a ring of stealth (left hand)
Scrolls
 e - a scroll of remove curse
 i - a scroll of identify
 l - a scroll of teleportation
 m - 2 scrolls of fear {unknown}
 t - a scroll of noise {unknown}
Potions
 d - a potion of might
 g - a potion of degeneration {unknown}
 j - a potion of curing
 k - a potion of brilliance {unknown}
 n - a potion of agility {unknown}
 s - a potion of flight {unknown}
Comestibles
 f - a bread ration


   Skills:
 + Level 4.4 Fighting
 + Level 3.2 Short Blades
 + Level 4.2 Armour
 + Level 1.0 Dodging
 + Level 0.8 Stealth
 + Level 4.1 Shields


You had 4 spell levels left.
You didn't know any spells.

Dungeon Overview and Level Annotations

Branches:
Dungeon (4/15)
 Temple: D:4-7

Altars:
Fedhas
Okawaru
Ru

Annotations:
D:4 Pikel


Message History

You closely miss Pikel.
Pikel is lightly wounded.
You feel sick. Pikel hits you but does no damage.
You barely miss Pikel.
Pikel is lightly wounded.
Pikel closely misses you.
You miss Pikel.
Pikel is lightly wounded.
Pikel barely misses you.
You hit Pikel but do no damage.
Pikel is lightly wounded.
Pikel hits you with a whip of electrocution.
* * * LOW HITPOINT WARNING * * *
You hit Pikel but do no damage.
Pikel is lightly wounded.
You feel sick. Pikel hits you but does no damage.
You hit Pikel but do no damage.
Pikel is lightly wounded.
Pikel hits you but does no damage.
You are electrocuted!
You die...

####...# #..###.#
#......# #.....##
########...#.#
#..#....#..pp#
#..#.....#.pp#
##..##.....##K#
##....#..#..##@# #
##.....#........#
#
##.........)..####
## #.(...........#
#. .#...#........#
.........
##...##..(....#
..........
#.....#.......#
#...........
#.....#.......#
#...........
##...##.......#
#...........


You could see Pikel and 4 slaves.

Vanquished Creatures
  An orc wizard (D:4)
  3 worker ants
  An adder (D:4)
  An ooze (D:2)
  A worm (D:2)
  2 dart slugs
  2 leopard geckos (D:3)
  5 orcs
  2 giant cockroaches
  2 goblins (D:2)
  8 hobgoblins
  7 jackals
  2 quokkas
  5 bats
  4 frilled lizards
  3 kobolds
  4 rats
53 creatures vanquished.

Notes
Turn   | Place    | Note
-------+----------+-------------------------------------------
     0 | D:1      | Alfie the Hill Orc Fighter began the quest for the Orb.
     0 | D:1      | Reached XP level 1. HP: 19/19 MP: 1/1
   393 | D:1      | Reached XP level 2. HP: 27/27 MP: 2/2
   724 | D:2      | Found a faded altar of an unknown god.
   807 | D:2      | Found a sacrificial altar of Ru.
   815 | D:2      | Reached XP level 3. HP: 33/33 MP: 3/3
   939 | D:2      | Found an iron altar of Okawaru.
   940 | D:2      | Found a blossoming altar of Fedhas.
  1372 | D:3      | Reached XP level 4. HP: 15/40 MP: 4/4
  2281 | D:4      | Reached XP level 5. HP: 29/46 MP: 5/5
  2343 | D:4      | Reached skill level 1 in Dodging
  2396 | D:4      | Noticed a slave
  2397 | D:4      | Noticed a slave
  2397 | D:4      | Noticed Pikel
  2398 | D:4      | Noticed a slave
  2415 | D:4      | Noticed a slave
  2426 | D:4      | Slain by Pikel

Skill      XL: |  1  2  3  4  5 |
---------------+----------------+-----
Fighting       | 4 |  4.4
Armour         | 4 |  4.2
Short Blades   | 3 |  3.2
Shields        | 4 |  4.1
Dodging        | 1 |  1.0
Stealth        | |  0.8

Action                   |  1- 3 |  4- 6 || total
-------------------------+-------+-------++-------
Melee: Rapier            |   120 |   120 ||   240
  Use: Scroll            |       |     4 ||     4
       Potion            |       |     1 ||     1
  Eat: Royal jelly       |     1 |       ||     1
       Bread ration      |       |     1 ||     1
Armor: Scale mail        |    32 |    42 ||    74
Dodge: Dodged            |    30 |    30 ||    60
Block: Shield            |    59 |    47 ||   106
